 Dungeon Crawl Stone Soup version 0.29-a0-11-ga75d3d97ab (webtiles) character file.

Game seed: 3147895631074720965

102 a3don the Shield-Bearer (level 5, 0/42 HPs)
             Began as a Human Fighter on Jan 28, 2022.
             Was an Initiate of Gozag.
             Slain by a hobgoblin (2 damage)
             ... on level 4 of the Dungeon.
             The game lasted 00:02:24 (2949 turns).

a3don the Shield-Bearer (Human Fighter)             Turns: 2949, Time: 00:02:27

Health: 0/42       AC:  7    Str: 18    XL:     5   Next: 5%
Magic:  5/5        EV:  9    Int:  8    God:    Gozag
Gold:   288        SH:  5    Dex: 13    Spells: 4/4 levels left

rFire   + . .      SeeInvis .   i - +0 war axe
rCold   . . .      Faith    .   c - +0 buckler
rNeg    + . .      Spirit   .   b - +0 scale mail
rPois   .          Reflect  .   (no helmet)
rElec   .          Harm     .   (no cloak)
rCorr   .          Rampage  .   (no gloves)
Will    .....                   (no boots)
Stlth   ..........              (no amulet)
HPRegen 0.14/turn               f - ring of protection from fire
MPRegen 0.09/turn               j - ring of positive energy

@: lethally poisoned (0 -> -16)
A: no striking features
a: Renounce Religion, Potion Petition, Call Merchant, Bribe Branch


You were on level 4 of the Dungeon.
You worshipped Gozag.
Gozag was aware of your devotion.
You visited 1 branch of the dungeon, and saw 4 of its levels.

You collected 288 gold pieces.

Inventory:

Hand Weapons
 a - a +0 war axe
 i - a +0 war axe (weapon)
Missiles
 o - 51 stones (quivered)
 q - 2 throwing nets
 r - 34 sling bullets
Armour
 b - a +0 scale mail (worn)
 c - a +0 buckler (worn)
Jewellery
 f - a ring of protection from fire (left hand)
 j - a ring of positive energy (right hand)
Scrolls
 e - a scroll of immolation {unknown}
 g - 5 scrolls of identify {unknown}
 h - a scroll of fog {unknown}
 k - a scroll of amnesia {unknown}
 l - a scroll of torment {unknown}
 p - 2 scrolls of enchant weapon {unknown}
Potions
 d - a potion of might
 n - a potion of haste {unknown}


   Skills:
 + Level 3.7 Fighting
 + Level 2.8 Axes
 + Level 3.7 Armour
 + Level 3.7 Shields


You had 4 spell levels left.
You didn't know any spells.
Your spell library was empty.

Dungeon Overview and Level Annotations

Branches:
Dungeon (4/15)
 Temple: D:4-7

Altars:
Gozag


Message History

The worm is almost dead.
The worm bites you.
You hit the worm.
You kill the worm!
No target in view!
No target in view!
No target in view!
HP restored.
A scorpion comes into view.
You see here 4 gold pieces.
A hound comes into view.
The hound barks!
You hear a shout!
A hobgoblin comes into view.
There are monsters nearby!
The scorpion stings you. x2
You are poisoned.
The scorpion poisons you! The hound bites you but does no damage.
You completely miss the scorpion. You closely miss the hound.
You feel very sick. You block the hound's attack. The scorpion stings you!
The hound bites you but does no damage.
You barely miss the scorpion. You slash the hound!
You feel very sick. The scorpion misses you. You block the hound's attack.
The scorpion barely misses you. The hound bites you but does no damage.
You closely miss the hound.
The hound is heavily wounded.
You completely miss the scorpion.
You feel sick. The hound bites you. The scorpion stings you.
The hound closely misses you. The scorpion stings you.
* * * LOW HITPOINT WARNING * * *
You are lethally poisoned!
The scorpion poisons you!
It was a potion of cancellation.
You feel magically purged.
* * * LOW HITPOINT WARNING * * *
You feel very sick. The hound bites you.
* * * LOW HITPOINT WARNING * * *
The hobgoblin hits you.
You die...
Your body crumbles into a pile of gold.

... ... .. ..# ..... ...
......####..#..... ...
........##........ .##
..........#...... .#
.....#.......... .#
#..#..#......... .#
#..##....s...... .#
##..#....@h...... .#
###...$.....g......
.#####...##.............
.......####..$..........
####...# #.............
##..# #.......#.....
#..###.#.........#..
##..##.........###..
#..#..........# $


You could see a scorpion, a hound and a hobgoblin.

Vanquished Creatures
  3 adders
  5 dart slugs
  A worm (D:4)
  2 orcs (D:3)
  4 bats
  5 endoplasms
  2 giant cockroaches (D:1)
  3 goblins
  2 hobgoblins
  4 jackals (D:3)
  3 quokkas
  5 ball pythons
  4 frilled lizards
  9 kobolds
  8 rats
60 creatures vanquished.

Notes
Turn   | Place    | Note
-------+----------+-------------------------------------------
     0 | D:1      | a3don the Human Fighter began the quest for the Orb.
     0 | D:1      | Reached XP level 1. HP: 18/18 MP: 1/1
   229 | D:1      | Reached XP level 2. HP: 21/24 MP: 2/2
   621 | D:1      | Reached XP level 3. HP: 22/29 MP: 3/3
  1361 | D:2      | Found a faded altar of an unknown god.
  1455 | D:2      | Prayed at the altar of an unknown god.
  1455 | D:2      | Became a worshipper of Gozag Ym Sagoz the Greedy
  1484 | D:2      | Reached XP level 4. HP: 34/35 MP: 4/4
  2851 | D:4      | Reached XP level 5. HP: 42/42 MP: 5/5
  2949 | D:4      | HP: 2/42 [hound (4)]
  2949 | D:4      | Slain by a hobgoblin

Illustrated notes

Levels and vault maps discovered:
D:1:      heliophobic_arrival_dark_side_of_the_moon, layout_basic,
          minmay_misc_feat_doors, hex_tiny, chequers_serial_rivers_large_b,
          minmay_close_crescents
D:2:      layout_rooms, chequers_ecumenical_altar_island,
          amcnicky_mini_rare_corridor_liquid, minmay_door_square
D:3:      layout_loops_corners, minmay_box_of_dots
D:4:      layout_layer_cave, nzn_wu_jian_contemplation

Action                   |  1- 3 |  4- 6 || total
-------------------------+-------+-------++-------
Melee: War axe           |   107 |    72 ||   179
  Use: Potion            |       |     1 ||     1
Armor: Scale mail        |    71 |    36 ||   107
Dodge: Dodged            |    46 |    37 ||    83
Block: Buckler           |    26 |    11 ||    37

Table legend: (Time is in decaauts)
 A = Elapsed time spent in this place.
 B = Non-inter-level travel time spent in this place.
 C = Inter-level travel time spent in this place.
 D = Time resting spent in this place.
 E = Time spent auto-exploring this place.
 F = Levels seen in this place.
 G = Mean time per level.
                   A        B        C        D        E       F      G
               +--------+--------+--------+--------+--------+-----+--------+
         Total |   3056 |   2953 |    103 |      0 |   2469 |   4 |  764.0 |
       Dungeon |   3056 |   2953 |    103 |      0 |   2469 |   4 |  764.0 |
               +--------+--------+--------+--------+--------+-----+--------+

Top non-repeatable levels by time:
     D:1: 1235 daAuts
     D:3: 1062 daAuts
     D:2: 543 daAuts
     D:4: 215 daAuts
